 Dungeon Crawl Stone Soup version 0.30-a0-165-g1891117ce2 (webtiles) character file.

Game seed: 14052701206973292786

121 qw the Chopper (level 5, -3/32 HPs)
             Began as a Gargoyle Fighter on Sept 28, 2022.
             Slain by an orc wizard
             ... wielding a +0 dagger
              (4 damage)
             ... on level 3 of the Dungeon.
             The game lasted 00:00:46 (2214 turns).

qw the Chopper (Gargoyle Fighter)                   Turns: 2214, Time: 00:00:47

Health: -3/32      AC: 10    Str: 21    XL:     5   Next: 5%
Magic:  0/5        EV:  9    Int:  9    God:
Gold:   208        SH:  4    Dex:  9    Spells: 4/4 levels left

rFire   . . .      SeeInvis .    Y - +0 war axe
rCold   . . .      Faith    .    c - +0 buckler
rNeg    + . .      Spirit   +    b - +0 scale mail
rPois   inf        Reflect  .    (no helmet)
rElec   +          Harm     .    (no cloak)
rCorr   .          Rampage  .    (no gloves)
Will    .....                    (no boots)
Stlth   ..........               m - amulet of guardian spirit
HPRegen 0.10/turn                (no ring)
MPRegen 0.09/turn                (no ring)

@: no status effects
A: sickness immunity, AC +4, negative energy resistance 1, electricity
resistance, torment resistance 1, petrification resistance
a: no special abilities


You were on level 3 of the Dungeon.
You visited 1 branch of the dungeon, and saw 3 of its levels.

You collected 208 gold pieces.


Innate Abilities, Weirdness & Mutations

You are immune to sickness and miasma.
Your stone body is resilient. (AC +4)
You are immune to poison.
You resist negative energy. (rN+)
You are resistant to electric shocks. (rElec)
You are resistant to unholy torment.
You are immune to petrification.


   Skills:
 - Level 3.2 Fighting
 + Level 4.4 Axes
 - Level 1.0 Throwing
 - Level 3.2 Armour
 - Level 3.2 Shields


You had 4 spell levels left.
You didn't know any spells.
Your spell library was empty.

Inventory:

Hand Weapons
 f - a +0 whip
 Y - a +0 war axe (weapon)
Missiles
 k - 5 javelins (quivered)
Armour
 b - a +0 scale mail (worn)
 c - a +0 buckler (worn)
 g - the +5 scale mail of Chimes {rElec Will+ Str-5}
   (You found it on level 3 of the Dungeon)

   Str:       It affects your strength (-5).
   rElec:     It insulates you from electricity.
   Will:      It increases your willpower.
Jewellery
 m - an amulet of guardian spirit (around neck)
Scrolls
 j - 3 scrolls of identify
Potions
 a - 2 potions of heal wounds {unknown}
 d - a potion of might
 e - a potion of flight {unknown}
 h - a potion of brilliance {unknown}
 l - a potion of haste {unknown}

Dungeon Overview and Level Annotations

Branches:
Dungeon (3/15)

Altars:


Message History

You block the orc wizard's attack.
You barely miss the orc wizard.
The orc wizard is moderately wounded.
You barely miss the orc.
The orc wizard hits you but does no damage.
The orc closely misses you.
You slash the orc wizard!
The orc wizard is almost dead.
You hit the orc but do no damage.
The orc wizard points at you and mumbles some strange words.
You are confused.
The orc hits you but does no damage.
You barely miss the orc wizard.
The orc wizard is almost dead.
You hit the orc.
You kill the orc!
The orc wizard hits you but does no damage.
The orc wizard casts a spell at you. The puff of flame hits you!
The orc wizard hits you with a +0 dagger.
Things that are here:
a +0 flail; a boomerang; a +0 ring mail You bump into the rock wall.
The orc wizard closely misses you.
You bump into the rock wall.
A bat comes into view.
The orc wizard hits you with a +0 dagger.
The bat moves out of view.
Found a stone.
You feel less confused.
A quokka comes into view.
You completely miss the orc wizard.
The orc wizard is almost dead.
The orc wizard gestures at you while chanting.
The puff of flame hits you.
You closely miss the orc wizard.
The orc wizard is almost dead.
The bat hits you but does no damage.
The orc wizard hits you with a +0 dagger.
You die...

......#.....#.#.......#
......#....##.##.######
......#....##.##.#
......#.....#....#
......#.....####.########
.....##.........)........
.....# ..#####)########
.###.# ...###.o........
.# ..# .......@########
.# .# .#....b.# .#
#......#
.####.###.#......#
.........<.......#
.####..####.###r.# ...# #
... #..# ##.# .# .(.# .#


You could see an orc wizard, a quokka and a bat.

Vanquished Creatures
  7 adders
  A worm (D:3)
  A dart slug (D:1)
  2 orcs (D:3)
  6 endoplasms
  A giant cockroach (D:3)
  6 goblins
  3 hobgoblins
  4 jackals (D:2)
  5 quokkas
  3 ball pythons
  4 bats
  2 frilled lizards
  4 kobolds
  3 rats
52 creatures vanquished.

Notes
Turn   | Place    | Note
-------+----------+-------------------------------------------
     0 | D:1      | qw the Gargoyle Fighter began the quest for the Orb.
     0 | D:1      | Reached XP level 1. HP: 14/14 MP: 1/1
     0 | D:1      | 0 ||| qw: Version: 0.2-a-12-gaebbb33
     0 | D:1      | 0 ||| qw: Game counter: 844
     0 | D:1      | 0 ||| qw: Always use a shield: true
     0 | D:1      | 0 ||| qw: God list: Okawaru
     0 | D:1      | 0 ||| qw: Allow faded altars: false
     0 | D:1      | 0 ||| qw: Do Orc after D:15 true
     0 | D:1      | 0 ||| qw: Do second Lair branch before Depths: true
     0 | D:1      | 0 ||| qw: Lair rune preference: random
     0 | D:1      | 0 ||| qw: Plans: Normal, Zot:1-4, God:TSO, Crypt, Tomb,
                  | Pan, Slime:5, Hells, Abyss, Orb
     0 | D:1      | 0 ||| PLANNING D:1-11
    59 | D:1      | Reached skill level 2 in Axes
   175 | D:1      | 175 ||| Stepping ~*~*~tactically~*~*~ (stealth).
   180 | D:1      | Reached XP level 2. HP: 19/19 MP: 2/2
   532 | D:1      | Found a faded altar of an unknown god.
   606 | D:1      | 606 ||| DROPPING scarf of shadows.
   607 | D:1      | 607 ||| READING scroll labelled FYSAOC QINU.
   608 | D:1      | 608 ||| READING scroll labelled KALEZUN HURIEMA.
   609 | D:1      | 609 ||| READING 2 scrolls labelled SUIMEPSOIWK.
   610 | D:1      | 610 ||| READING scroll labelled XALYC UFACK.
   831 | D:2      | Reached skill level 3 in Axes
   831 | D:2      | Reached XP level 3. HP: 11/23 MP: 3/3
  1029 | D:2      | 1029 ||| Stepping ~*~*~tactically~*~*~ (stealth).
  1414 | D:2      | Reached XP level 4. HP: 28/28 MP: 4/4
  1786 | D:2      | 1786 ||| UPGRADING to amulet of guardian spirit.
  1791 | D:2      | 1791 ||| READING scroll labelled ELUGAL ATHRI.
  1792 | D:2      | 1792 ||| READING scroll labelled GESSUMOASU.
  1793 | D:2      | 1793 ||| READING scroll labelled PORUAGA BETH.
  1797 | D:2      | 1797 ||| READING scroll labelled OQIJEATS SANG.
  1865 | D:3      | Reached skill level 1 in Throwing
  1981 | D:3      | 1981 ||| Stepping ~*~*~tactically~*~*~ (stealth).
  1997 | D:3      | Reached skill level 4 in Axes
  2130 | D:3      | Reached XP level 5. HP: 32/32 MP: 5/5
  2168 | D:3      | Identified the +5 scale mail of Chimes {rElec Will+ Str-5}
  2207 | D:3      | HP: 8/32 [orc wizard/puff of flame (6)]
  2213 | D:3      | HP: 1/32 [orc wizard/puff of flame (4)]
  2214 | D:3      | Slain by an orc wizard

Levels and vault maps discovered:
D:1:      minmay_arrival_four_houses, layout_rooms,
          dreamdust_ecumenical_altar_angels_and_demons, minmay_tromino_v7
D:2:      layout_loops_ring
D:3:      layout_basic

Skill      XL: |  1  2  3  4 |
---------------+-------------+-----
Axes           | 2 3 4 |  4.4
Throwing       | 1 |  1.0
Fighting       | |  3.2
Armour         | |  3.2
Shields        | |  3.2

Action                   |  1- 3 |  4- 6 || total
-------------------------+-------+-------++-------
Melee: War axe           |    82 |    77 ||   159
Throw: Javelin           |     1 |    19 ||    20
  Use: Scroll            |     4 |     4 ||     8
Armor: Scale mail        |    43 |    41 ||    84
Dodge: Dodged            |    33 |    34 ||    67
Block: Buckler           |     8 |    15 ||    23

Table legend:
 A = Non-vault XP
 B = Vault XP
 C = Vault XP percentage of total XP
 D = Non-vault monster count
 E = Vault monster count
 F = Vault count percentage of total count
                 A         B        C        D         E       F
            +---------+---------+-------+---------+---------+-------
      Total |     170 |       4 |   2.3 |      49 |       3 |   5.8
            +---------+---------+-------+---------+---------+-------
        D:1 |      24 |       4 |  14.3 |      14 |       3 |  17.6
        D:2 |      63 |       0 |   0.0 |      17 |       0 |   0.0
        D:3 |      83 |       0 |   0.0 |      18 |       0 |   0.0
            +---------+---------+-------+---------+---------+-------
